 Dungeon Crawl Stone Soup version 0.29.1-13-g9f3cf754e1 (webtiles) character file.

Game seed: 14979818178899939377

55 promet the Conjurer (level 3, -3/19 HPs)
             Began as a Deep Elf Conjurer on Jan 27, 2023.
             Slain by Grinder (5 damage)
             ... on level 3 of the Dungeon.
             The game lasted 00:08:39 (1953 turns).

promet the Conjurer (Deep Elf Conjurer)             Turns: 1953, Time: 00:08:39

Health: -3/19      AC:  3    Str:  6    XL:     3   Next: 67%
Magic:  0/10       EV: 12    Int: 22    God:
Gold:   76         SH:  0    Dex: 13    Spells: 6/9 levels left

rFire   . . .      SeeInvis .   a - +0 short sword (speed)
rCold   . . .      Faith    .   (no shield)
rNeg    . . .      Spirit   .   c - +0 robe
rPois   .          Reflect  .   (no helmet)
rElec   .          Harm     .   (no cloak)
rCorr   .          Rampage  .   d - +0 pair of gloves
Will    .....                   (no boots)
Stlth   ++........              (no amulet)
HPRegen 0.06/turn               (no ring)
MPRegen 0.12/turn               (no ring)

@: no status effects
A: no striking features
a: no special abilities


You were on level 3 of the Dungeon.
You visited 1 branch of the dungeon, and saw 3 of its levels.

You collected 76 gold pieces.

Inventory:

Hand Weapons
 a - a +0 short sword of speed (weapon)
 b - a +0 sling
Missiles
 f - 39 stones (quivered)
Armour
 c - a +0 robe (worn)
 d - a +0 pair of gloves (worn)
 e - a +0 leather armour
Magical Staves
 h - a staff of air
Potions
 i - 2 potions of magic
 k - a potion of heal wounds
 m - a potion of mutation {unknown}


   Skills:
 + Level 2.7 Dodging
 + Level 3.1 Stealth
 * Level 3.9 Spellcasting
 + Level 5.1 Conjurations


You had 6 spell levels left.
You knew the following spells:

 Your Spells              Type           Power      Damage    Failure   Level
a - Magic Dart            Conj           100%       1d8       1%          1
b - Searing Ray           Conj           52%        2d6       1%          2

Your spell library contained the following spells:

 Spells                   Type           Power      Damage    Failure   Level
 Apportation              Tloc           8%         N/A       12%         1
 Dazzling Flash           Conj/Hex       30%        N/A       12%         3
 Fulminant Prism          Conj/Hex       7%         3d7       36%         4
 Iskenderun's Mystic Bla  Conj/Tloc      15%        2d5       36%         4
 Alistair's Intoxication  Tmut/Pois      2%         N/A       97%         5


Dungeon Overview and Level Annotations

Branches:
Dungeon (3/15)

Altars:

Annotations:
D:3 Grinder


Message History

Aiming: Magic Dart (safe; 1% risk of failure)
Press: ? - help, Shift-Dir - straight line, f/p - Grinder
Aim: Grinder (heavily wounded, poisoned, 100% to hit)
The magic dart hits Grinder.
Grinder is heavily wounded.
Grinder hits you.
You writhe in agony.
Unknown command.
Casting: Magic Dart (safe; 1% risk of failure)
Confirm with . or Enter, or press ? or * to list all spells.
Aiming: Searing Ray (safe; 1% risk of failure)
Press: ? - help, Shift-Dir - straight line, f/p - Grinder
Aim: Grinder (heavily wounded, poisoned, 77% to hit)
The searing ray hits Grinder!
Grinder is almost dead. (Press . to maintain the ray.) Grinder looks more healthy.
Grinder blinks!
The searing ray hits the giant cockroach.
The giant cockroach is severely wounded.
The giant cockroach bites you.
The searing ray hits the giant cockroach!
You kill the giant cockroach!
You finish channelling your searing ray.
Throw: 2 darts (poison)
Press: ? - help, Q - select action, (/) - cycle Shift-Dir - straight line, p - Grinder You throw a poisoned dart.
The poisoned dart hits Grinder.
Grinder is severely wounded.
Grinder gestures at you. You resist with significant effort.
Throw: dart (poison)
Press: ? - help, Q - select action, (/) - cycle Shift-Dir - straight line, f - Grinder
Aim: Grinder (severely wounded, 52% to hit)
You throw a poisoned dart. The poisoned dart hits Grinder.
Grinder is severely wounded.
Grinder blinks!
You closely miss Grinder.
Grinder is severely wounded.
Grinder hits you!
* * * LOW HITPOINT WARNING * * *
You writhe in agony.
You die...

#######..
#@5..ยง.(.
#.######.
#<# #.#
#.# #.#
#.# ###


You could see Grinder.

Vanquished Creatures
  An adder (D:2)
  A dart slug (D:2)
  3 bats
  3 endoplasms (D:2)
  2 giant cockroaches
  9 goblins
  2 hobgoblins (D:1)
  2 quokkas (D:1)
  4 ball pythons
  3 frilled lizards (D:1)
  5 kobolds
  5 rats
40 creatures vanquished.

Notes
Turn   | Place    | Note
-------+----------+-------------------------------------------
     0 | D:1      | promet the Deep Elf Conjurer began the quest for the Orb.
     0 | D:1      | Reached XP level 1. HP: 10/10 MP: 6/6
   232 | D:1      | Found a faded altar of an unknown god.
   311 | D:1      | Reached XP level 2. HP: 15/15 MP: 2/8
   413 | D:1      | Learned a level 2 spell: Searing Ray
   841 | D:1      | Reached skill level 5 in Conjurations
  1166 | D:2      | Reached XP level 3. HP: 19/19 MP: 8/10
  1937 | D:3      | Noticed Grinder
  1953 | D:3      | Slain by Grinder

Illustrated notes

Levels and vault maps discovered:
D:1:      dpeg_arrival_connections, layout_loops_ring,
          ebering_ecumenical_altar_hall
D:2:      layout_rooms, minmay_pentomino_q4
D:3:      layout_loops_ring, mainiacjoe_overflow_tiny_flanked,
          nicolae_overflow_squiral, uniq_grinder

Skill      XL: |  1  2  3 |
---------------+----------+-----
Conjurations   | 5 |  5.1
Stealth        | 3 |  3.1
Dodging        | |  2.7
Spellcasting   | |  3.9

Action                   || total
-------------------------++-------
Melee: Short sword       ||    19
 Fire: Sling             ||     3
Throw: Dart              ||     3
 Cast: Magic Dart        ||    57
       Searing Ray       ||     3
  Use: Potion            ||     1
       Scroll            ||     5
 Stab: Sleeping          ||     1
Armor: Robe              ||     9
Dodge: Dodged            ||    28
